 Dungeon Crawl Stone Soup version 0.24.0-5-g267a8d59f4 (webtiles) character file.

Game seed: 5343072512241787005, levelgen mode: deterministic

59 wullow the Conjurer (level 4, -2/39 HPs)
             Began as a Naga Wanderer on Nov 1, 2019.
             Slain by a quokka (3 damage)
             ... on level 2 of the Dungeon.
             The game lasted 00:06:27 (1981 turns).

wullow the Conjurer (Naga Wanderer)                 Turns: 1981, Time: 00:06:28

Health: -2/39      AC:  3    Str: 16    XL:     4   Next: 3%
Magic:  7/7        EV:  9    Int: 12    God:
Gold:   63         SH:  0    Dex: 10    Spells: 4/7 levels left

rFire    . . .     SeeInvis +   g - +0 dagger
rCold    . . .     Gourm    .   (no shield)
rNeg     . . .     Faith    .   d - +0 robe
rPois    +         Spirit   .   (no helmet)
rElec    .         Reflect  .   r - +0 cloak
rCorr    .         Harm     .   (no gloves)
MR       .....                  (no barding)
Stlth    ++........             (no amulet)
HPRegen  0.13/turn              (no ring)
MPRegen  0.10/turn              (no ring)

@: lethally poisoned (-2 -> -4), very slow
A: large, see invisible, deformed body, poison resistance, slowness 2, slow
metabolism 1, spit poison 1, AC +1
a: Spit Poison


You were on level 2 of the Dungeon.
You were not hungry.

You visited 1 branch of the dungeon, and saw 2 of its levels.

You collected 63 gold pieces.

Inventory:

Hand Weapons
 a - a +0 club
 g - a +0 dagger (weapon)
 p - a +0 short sword
Missiles
 h - 10 poisoned darts (quivered)
 i - 56 stones
 n - 22 bolts
Armour
 d - a +0 robe (worn)
 r - a +0 cloak (worn)
Scrolls
 b - a scroll of enchant armour {unknown}
 c - 3 scrolls of teleportation
 k - a scroll of immolation {unknown}
 l - a scroll of amnesia {unknown}
 m - a scroll of identify {unknown}
 s - a scroll of noise {unknown}
Potions
 e - 2 potions of curing {unknown}
 j - a potion of ambrosia {unknown}
 o - a potion of degeneration {unknown}
Comestibles
 f - 4 rations
 q - 2 chunks of flesh


   Skills:
 + Level 1.7 Fighting
   Level 1.0 Axes
 - Level 1.0 Armour
 + Level 3.3 Stealth
   Level 1.0 Shields
 * Level 2.2 Spellcasting
 - Level 5.0 Conjurations


You had 4 spell levels left.
You knew the following spells:

 Your Spells              Type           Power        Failure   Level  Hunger
a - Searing Ray           Conj           ##....       5%          2    ###....
b - Magic Dart            Conj           ##..         3%          1    ##.....

Your spell library contained the following spells:

 Spells                   Type           Power        Failure   Level  Hunger
 Freeze                   Ice            #...         26%         1    ##.....
 Dazzling Spray           Conj/Hex       #.....       28%         3    ####...
 Iskenderun's Mystic Bla  Conj           ##......     34%         4    #####..
 Ozocubu's Armour         Chrm/Ice       #.......     63%         3    ####...
 Force Lance              Conj/Tloc      #.......     67%         4    #####..
 Fulminant Prism          Conj/Hex       #.........   67%         4    #####..


Dungeon Overview and Level Annotations

Branches:
Dungeon (2/15)

Altars:


Innate Abilities, Weirdness & Mutations

You cannot wear boots.
Your serpentine skin is tough. (AC +1)
You have supernaturally acute eyesight. (SInv)
Armour fits poorly on your strangely shaped body.
Your system is resistant to poisons. (rPois)
You cover ground very slowly.
You have a slow metabolism.
You can spit poison.


Message History

You feel sick.
The quokka bites you but does no damage.
The quokka bites you.
* * * LOW HITPOINT WARNING * * *
Throwing (i - inventory. (/) - cycle)
h - 12 poisoned darts (quivered)
Press: ? - help, Shift-Dir - straight line, f/p - quokka
Aim: a quokka You throw a poisoned dart.
The poisoned dart hits the quokka.
The quokka is poisoned.
The quokka bites you.
* * * LOW HITPOINT WARNING * * *
You closely miss the quokka. The quokka bites you.
* * * LOW HITPOINT WARNING * * *
Throwing (i - inventory. (/) - cycle)
h - 11 poisoned darts (quivered)
Press: ? - help, Shift-Dir - straight line, f/p - quokka
Aim: a quokka (poisoned)
You throw a poisoned dart.
The poisoned dart barely misses the quokka.
* * * LOW HITPOINT WARNING * * *
You feel sick. The quokka bites you.
You die...

# # # # # ## .#### ######
..รท.##### #.@r(#
.##..)..##### #.##.###########
..<.........# #.##...........#
###.....###.###.##...........#
#.....###..................#
#...........##..#.....(....#
#.........#..................
#......##.#####............##
#......##.# #............#


You could see a quokka.

Vanquished Creatures
  A gnoll (D:1)
  An adder (D:2)
  2 dart slugs (D:1)
  8 bats
  3 giant cockroaches
  5 goblins
  3 hobgoblins (D:1)
  2 jackals (D:1)
  5 kobolds (D:1)
  A quokka (D:2)
  5 rats
36 creatures vanquished.

Notes
Turn   | Place    | Note
-------+----------+-------------------------------------------
     0 | D:1      | wullow the Naga Wanderer began the quest for the Orb.
     0 | D:1      | wullow set off with the following items: a +0 club, a
                  | scroll of teleportation, a +0 robe, a ration; and the
                  | following spells available to memorise: Magic Dart, Searing
                  | Ray, Freeze, Dazzling Spray, Iskenderun's Mystic Blast,
                  | Ozocubu's Armour, Force Lance, Fulminant Prism
     0 | D:1      | Reached XP level 1. HP: 18/18 MP: 1/1
   195 | D:1      | Reached skill level 1 in Spellcasting
   195 | D:1      | Reached XP level 2. HP: 16/25 MP: 3/3
   238 | D:1      | Learned a level 2 spell: Searing Ray
   254 | D:1      | Learned a level 1 spell: Magic Dart
   687 | D:1      | Reached XP level 3. HP: 24/31 MP: 5/5
  1976 | D:2      | Reached XP level 4. HP: 9/39 MP: 7/7
  1980 | D:2      | HP: 1/39 [quokka (3)]
  1981 | D:2      | Slain by a quokka

Levels and vault maps discovered:
D:1:      dpeg_arrival_arbitrary_b, layout_loops_ring
D:2:      layout_rooms, grunt_ministairs_7

Skill      XL: |  1  2  3 |
---------------+----------+-----
Stealth        | 2 3 |  3.3
Spellcasting   | 1 2 |  2.2
Fighting       | |  1.7
Axes           | |  1.0
Armour         | |  1.0
Shields        | |  1.0
Conjurations   | |  5.0

Action                   |  1- 3 |  4- 6 || total
-------------------------+-------+-------++-------
Melee: Dagger            |    80 |     1 ||    81
       Club              |     8 |       ||     8
Throw: Dart              |    71 |     4 ||    75
 Cast: Searing Ray       |     4 |       ||     4
       Magic Dart        |     1 |       ||     1
 Abil: Spit Poison       |     3 |     1 ||     4
 Stab: Sleeping          |     1 |       ||     1
  Eat: Chunk             |     3 |       ||     3
Armor: Robe              |    24 |     1 ||    25
Dodge: Dodged            |    59 |     1 ||    60
